Unix NetHack Version 5.0.0-0 post-release - last build Jun 10 2026 00:39:30 (3ee93aec679c4c4259841fe613dc97188e26a321,branch:main).

Game began 2026-06-10 11:56:57, ended 2026-06-11 09:32:49.

FutureTim, lawful female human Valkyrie

                                                 A
                                      -----  ###
                                      |...-####%
                                      ....|
                                      |...|
                                      |^..|
                                      |@..|                            a
                                      -----

FutureTim the Woman-at-arms  St:18/07 Dx:9 Co:18 In:9 Wi:9 Ch:10  Lawful
Dlvl:13 $:1712 HP:0(111) Pw:24(24) AC:-1 Xp:11 T:15413  Satiated Burdened Blind

Latest messages:
 The horse kicks!
 The horse bites!
 You kill the horse!
 You climb up the stairs.
 What do you want to put on? [ryQ or ?*] Q
 You are now wearing a towel around your head.
 You can't see any more.
 A wood nymph suddenly appears next to you!
 You hear the footsteps of a guard on patrol.
 You hit the giant beetle.
 You hit the giant beetle.
 The giant beetle bites!
 You hear water falling on coins.
 You hit the giant beetle.
 You hit the giant beetle.
 The giant beetle bites!
 You kill the giant beetle!
 A rothe suddenly appears close by!
 A rothe suddenly appears close by!
 A rothe suddenly appears close by!
 You already found a monster.  Use 'm' prefix to force another search.
 You already found a monster.  Use 'm' prefix to force another search.
 You already found a monster.  Use 'm' prefix to force another search.
 You already found a monster.  Use 'm' prefix to force another search.
 You hit the rothe.
 The rothe misses!
 The rothe bites!
 The rothe bites again!
 You kill the rothe!
 You fall down the stairs.
 You already found a monster.  Use 'm' prefix to force another search.
 You hit the sergeant.
 The sergeant hits!
 You hit the sergeant.
 You hit the sergeant.
 You hear a nearby zap.
 You hear something crash through the floor.
 You feel an unseen monster!
 It hits!
 It misses!
 It hits!
 It hits!
 It hits!
 It hits!
 You die...
 Do you want your possessions identified? [ynq] (y) y
 Do you want to see your attributes? [ynq] (y) y
 Do you want an account of creatures vanquished? [ynaq] (y) y
 Do you want to see your conduct and achievements? [ynq] (y) y
 Do you want to see the dungeon overview? [ynq] (y) y

Inventory:
 Coins    ('$')
  $ - 1712 gold pieces
 Amulets  ('"')
  y - an uncursed amulet of ESP
 Weapons  (')')
  b - 2 +0 daggers (alternate weapons; not wielded)
  w - a rustproof +2 spear (weapon in right hand)
 Armor    ('[')
  Y - an uncursed +0 orcish helm (being worn)
  V - an uncursed rusty +0 pair of iron shoes (being worn)
  c - an uncursed fireproof +3 small shield (being worn)
  t - an uncursed thoroughly burnt thoroughly rotted +0 cloak of displacement (being worn)
  m - an uncursed +0 elven mithril-coat (being worn)
 Comestibles  ('%')
  u - an uncursed cream pie
  x - 8 uncursed food rations
  W - 3 uncursed tripe rations
 Scrolls  ('?')
  S - 3 uncursed scrolls of blank paper
  K - an uncursed scroll of confuse monster
  L - an uncursed scroll of enchant armor
  a - an uncursed scroll of fire
  i - 3 uncursed scrolls of identify
  F - an uncursed scroll of light
  d - a blessed scroll of magic mapping
  Z - an uncursed scroll of teleportation
 Potions  ('!')
  X - an uncursed potion of blindness
  R - an uncursed potion of invisibility
  T - a cursed potion of oil
  o - an uncursed potion of speed
 Rings    ('=')
  r - an uncursed ring of warning
 Wands    ('/')
  g - a wand of create monster (0:13)
  h - a wand of magic missile (0:4)
  s - a wand of polymorph (0:6)
  e - a wand of probing (0:7)
  C - a wand of teleportation (0:5)
  j - a wand of teleportation (0:0)
 Tools    ('(')
  z - an uncursed sack containing 16 items
  l - an uncursed magic lamp
  U - a magic marker (0:72)
  p - a +0 pick-axe
  k - an uncursed skeleton key
  Q - an uncursed towel (being worn)
  n - a +0 unicorn horn
  q - a +0 unicorn horn
  H - a +0 unicorn horn

Contents of the sack:
  3 uncursed lizard corpses
  an uncursed potion of enlightenment
  an uncursed potion of extra healing
  a blessed potion of full healing
  an uncursed potion of invisibility
  an uncursed potion of levitation
  3 uncursed potions of monster detection
  an uncursed potion of object detection
  a blessed potion of oil
  an uncursed potion of oil
  an uncursed potion of restore ability
  3 uncursed potions of water
  an uncursed ring of fire resistance
  an uncursed ring of searching
  an uncursed bell
  an uncursed tallow candle

FutureTim the Valkyrie's attributes:

Background:
 You were a Woman-at-arms, a level 11 human Valkyrie.
 You were lawful, on a mission for Tyr
 who was opposed by Odin (neutral) and Loki (chaotic).
 You were right-handed.
 You were in the Dungeons of Doom, on level 13.
 You entered the dungeon 15413 turns ago.
 You had 14169 experience points, 5831 more were needed to attain level 12.

Basics:
 You had 0 out of 111 hit points.
 You had all 24 energy points (spell power).
 Your armor class was -1.
 Your wallet contained 1712 zorkmids.
 Autopickup was off.

Final Characteristics:
 Your strength was 18/07 (limit:18/100).
 Your dexterity was 9 (peak:11, limit:18).
 Your constitution was 18 (limit:18).
 Your intelligence was 9 (limit:18).
 Your wisdom was 9 (limit:18).
 Your charisma was 10 (limit:18).

Final Status:
 You were deliberately blind.
 You were satiated.
 You were burdened; movement was slightly slowed.
 You were wielding a spear.
 You had expert skill with spear.

Final Attributes:
 You were piously aligned.
 You were fire resistant.
 You were cold resistant.
 You were poison resistant.
 You were telepathic.
 You were displaced.
 You were stealthy.
 You were guarded.
 You were fast.
 You are dead.

Miscellaneous:
 You didn't encounter any bones levels.
 Total elapsed playing time was 5 hours, 29 minutes and 20 seconds.

Major events:
 Turn
    1: FutureTim the lawful human Valkyrie entered the dungeon
 1425: attained the rank of Skirmisher (level 3)
 2629: entered the Gnomish Mines
 2972: attained the rank of Fighter (level 6)
 3794: reached Mine Town
10235: attained the rank of Woman-at-arms (level 10)
15413: killed by an earth elemental

You didn't know any spells.

Skills:
 Fighting Skills
   bare handed combat [Unskilled]
   two weapon combat  [Unskilled]
   riding             [Unskilled]
 Weapon Skills
   dagger             [Basic]
   axe                [Unskilled]
   pick-axe           [Unskilled]
   short sword        [Unskilled]
   broadsword         [Unskilled]
   long sword         [Unskilled]
   two-handed sword   [Unskilled]
   saber              [Unskilled]
   hammer             [Unskilled]
   quarterstaff       [Unskilled]
   polearms           [Unskilled]
   spear              [Expert]
   trident            [Unskilled]
   lance              [Unskilled]
   sling              [Unskilled]
 Spellcasting Skills
   attack spells      [Unskilled]
   escape spells      [Unskilled]

Voluntary challenges:
 Character rerolling was not enabled.
 You never genocided any monsters.
 You never polymorphed an object.
 You never changed form.
 You used no wishes.
Achievements:
 You attained the rank of Skirmisher.
 You entered a shop.
 You entered the Gnomish Mines.
 You attained the rank of Fighter.
 You entered Minetown.
 You entered a temple.
 You attained the rank of Woman-at-arms.

 The Dungeons of Doom: levels 1 to 13
    Level 1:
    Level 2:
       A food shop.
    Level 3:
       A food shop.
    Level 4:
       Some shops, a grave.
       Stairs down to The Gnomish Mines.
    Level 5:
       A general store.
    Level 6:
    Level 7:
    Level 8:
       Many fountains.
       Oracle of Delphi.
    Level 9:
       A general store.
    Level 10:
       Many fountains.
    Level 11:
       A fountain.
    Level 12:
       A fountain.
    Level 13: <- You were here.
       Final resting place for
          you, killed by an earth elemental.
 The Gnomish Mines: levels 5 to 12
    Level 5:
    Level 6:
    Level 7:
       Many shops, a temple and an altar, many fountains.
    Level 8:
    Level 9:
    Level 10:
    Level 11:
    Level 12:
       Some fountains.


Vanquished creatures:
  2 vampires
  a giant mimic
  a long worm
 an elven monarch
  2 large mimics
  a fire elemental
  a water elemental
  2 hill giants
  a giant zombie
  4 wargs
  a winter wolf
  8 small mimics
  a xan
  2 ettin mummies
  2 gelatinous cubes
  2 freezing spheres
  2 flaming spheres
  a shocking sphere
  a tiger
  3 ochre jellies
  3 leocrottas
 an energy vortex
  a mountain centaur
  2 elf mummies
  2 red nagas
  a python
  a pit viper
  a wraith
  a leather golem
  a Grey-elf
 an amorous demon
  2 chameleons
  2 giant beetles
  2 quivering blobs
  2 cockatrices
  a wolf
  a panther
  5 leprechauns
 an iron piercer
  a mumak
  3 giant spiders
  a scorpion
  3 horses
 an ice vortex
  2 baby long worms
  a black light
  a vampire bat
  2 forest centaurs
  a gnome ruler
  2 orc mummies
  a dwarf mummy
  2 ogres
  4 brown puddings
  a rust monster
  3 owlbears
  2 yetis
  3 lizards
  4 chickatrices
  a dog
  3 jaguars
  a dwarf leader
  a blue jelly
  3 black unicorns
  4 dust vortices
  2 ravens
  a plains centaur
  4 gnome mummies
  a snake
  3 apes
  a human zombie
  3 Woodland-elves
  a soldier ant
  4 fire ants
  a bugbear
  3 imps
  a quasit
  3 Mordor orcs
 11 Uruk-hai
  a rock piercer
  4 rock moles
  3 ponies
  3 shriekers
 20 gnome leaders
  4 gnomish wizards
  2 kobold mummies
  a black naga hatchling
  a gray ooze
  a barrow wight
  5 elf zombies
  4 ghouls
  a paper golem
  a giant ant
  a little dog
  3 floating eyes
  2 kittens
  5 dwarves
  2 kobold leaders
  2 hill orcs
  4 rothes
  2 rabid rats
  2 centipedes
  2 giant bats
 an orc zombie
  2 dwarf zombies
  a werejackal
  4 iguanas
  3 killer bees
 an acid blob
  4 manes
  2 hobgoblins
  8 giant rats
  6 cave spiders
  4 yellow molds
  2 green molds
  a red mold
 57 gnomes
 26 garter snakes
  a gnome zombie
  9 geckos
  4 jackals
  a fox
  5 goblins
  2 sewer rats
 11 grid bugs
  4 lichens
  3 kobold zombies
 10 newts
408 creatures vanquished.

No species were genocided or became extinct.

Game over:
                       ----------
                      /          \
                     /    REST    \
                    /      IN      \
                   /     PEACE      \
                  /                  \
                  |    FutureTim     |
                  |     1712 Au      |
                  |   killed by an   |
                  | earth elemental  |
                  |                  |
                  |                  |
                  |       2026       |
                 *|     *  *  *      | *
        _________)/\\_//(\/(/\)/\//\/|_)_______

Farvel FutureTim the Valkyrie...

You died in The Dungeons of Doom on dungeon level 13 with 43929 points,
and 1712 pieces of gold, after 15413 moves.
You were level 11 with a maximum of 111 hit points when you died.

